 Dungeon Crawl Stone Soup version 0.32-a0-32-g978bd804de (webtiles) character file.

Game seed: 632975609049815887

37469 Gargoyl the Severer (level 13, -5/87 HPs)
             Began as a Gargoyle Berserker on Jan 20, 2024.
             Was an Elder of Trog.
             Slain by a komodo dragon (19 damage)
             ... on level 5 of the Lair of Beasts.
             The game lasted 00:21:53 (13943 turns).

Gargoyl the Severer (Gargoyle Berserker)           Turns: 13943, Time: 00:21:54

Health: -5/87      AC: 28    Str: 22    XL:     13   Next: 96%
Magic:  13/13      EV: 11    Int:  8    God:    Trog [****..]
Gold:   938        SH:  0    Dex: 13    Spells: 12/12 levels left

rFire   . . .        e - +1 war axe (flame)
rCold   + . .        (no shield)
rNeg    + . .        j - +0 chain mail
rPois   ∞            a - +2 hat {SInv}
rElec   +            A - +2 cloak
rCorr   .            B - +0 pair of gloves
SInv    +            (no boots)
Will    ++...        v - amulet of the acrobat Stlth
                     d - ring of protection from cold
HPRegen 1.34/turn    s - +4 ring of slaying
MPRegen 0.13/turn

%: acrobat
@: strong-willed, on berserk cooldown, regenerating, slowed, very slow
A: sickness immunity, AC +9, negative energy resistance 1, electricity
resistance, torment resistance 1, petrification resistance, inability to read
after injury 1
a: Renounce Religion, Berserk, Trog's Hand, Brothers in Arms


You were on level 5 of the Lair of Beasts.
You worshipped Trog.
Trog was greatly pleased with you.
You visited 2 branches of the dungeon, and saw 14 of its levels.
You also visited: Bailey.

You collected 938 gold pieces.

Inventory:

Hand Weapons
 e - a +1 war axe of flaming (weapon)
 E - a +5 demon trident of venom
 G - a +0 broad axe
 M - a +5 broad axe of protection
Missiles
 b - 53 poisoned darts (quivered)
 q - a throwing net
Armour
 a - a +2 hat of see invisible (worn)
 j - a +0 chain mail (worn)
 A - a +2 cloak (worn)
 B - a +0 pair of gloves (worn)
Jewellery
 d - a ring of protection from cold (left hand)
 i - a ring of positive energy
 s - a +4 ring of slaying (right hand)
 v - an amulet of the acrobat (around neck)
 z - an amulet of magic regeneration
 J - an amulet of faith
Wands
 n - a wand of paralysis (27)
 o - a wand of flame (34)
 t - a wand of mindburst (12)
 y - a wand of acid (12)
 C - a wand of digging (5)
 F - a wand of polymorph (15)
Scrolls
 k - a scroll of poison
 m - 2 scrolls of revelation
 r - 2 scrolls of teleportation
 w - 4 scrolls of fog
 K - 3 scrolls of silence
Potions
 c - 3 potions of haste
 f - 3 potions of lignification
 g - a potion of might
 h - 9 potions of curing
 l - a potion of berserk rage {unknown}
 p - 2 potions of magic
 u - 3 potions of heal wounds
 x - 3 potions of attraction
 D - a potion of mutation
 H - 3 potions of invisibility
 I - 4 potions of resistance
 N - a potion of experience


   Skills:
 + Level 12.3 Fighting
 + Level 15.6 Axes
 + Level 2.1(10.4) Polearms
 + Level 1.3 Throwing
 + Level 11.6 Armour
 + Level 5.2 Dodging
 + Level 3.4 Stealth
 + Level 0.5 Evocations


You had 12 spell levels left.
You didn't know any spells.
Your spell library was empty.

Dungeon Overview and Level Annotations

Branches:
Dungeon (9/15)             Temple (0/1) D:6            Lair (5/5) D:9
  Swamp (0/4) Lair:2        Snake (0/4) Lair:3        Slime (0/5) Lair:4
 Bailey (visited)
    Orc: D:9-12

Altars:
Hepliaklqana
Makhleb
Qazlal
Vehumet
Yredelemnul

Shops:
D:1 (


Innate Abilities, Weirdness & Mutations

You are immune to sickness and miasma.
Your stone body is resilient. (AC +9)
You are immune to poison.
You resist negative energy. (rN+)
You are resistant to electric shocks. (rElec)
You are resistant to unholy torment.
You are immune to petrification.
You occasionally lose the ability to read scrolls when taking damage.


Message History

Your skin crawls.
You feel strong-willed.
The komodo dragon bites you but does no damage.
You barely miss the komodo dragon. x2; The komodo dragon bites you.
The komodo dragon bites you but does no damage.
You fail to use your ability.
The komodo dragon bites you but does no damage. x2
The komodo dragon bites you.
The komodo dragon hisses menacingly.
The komodo dragon bites you!
You fail to use your ability.
The komodo dragon barely misses you. The komodo dragon bites you.
You're still recovering from your berserk rage.
You slash the komodo dragon! You burn the komodo dragon.
The komodo dragon is moderately wounded.
You hit the komodo dragon but do no damage.
The komodo dragon bites you. The komodo dragon bites you!
Unknown command.
You slash the komodo dragon! You burn the komodo dragon.
The komodo dragon is heavily wounded.
You slash the komodo dragon! You burn the komodo dragon.
The komodo dragon closely misses you. x2
Unknown command.
You slash the komodo dragon! You burn the komodo dragon.
The komodo dragon is almost dead.
You closely miss the komodo dragon. The komodo dragon closely misses you.
The komodo dragon barely misses you.
You hit the komodo dragon but do no damage.
The komodo dragon is almost dead.
You completely miss the komodo dragon.
The komodo dragon bites you but does no damage.
The komodo dragon misses you.
Unknown command.
You hit the komodo dragon. You burn the komodo dragon.
The komodo dragon is almost dead.
You slash the komodo dragon! You burn the komodo dragon.
The komodo dragon bites you!! The komodo dragon bites you! x2
* * * LOW HITPOINT WARNING * * *
The komodo dragon bites you!!
You die...

##.. #.. .##....##≈##...
#... .#.. ...#§#....
#.... ≈#. ..#≈#.... ....
#≈# .#≈≈.... ... ≈§#
$#≈≈≈§## #.##≈≈##
##≈≈§#§.
##.l≈≈≈≈######≈§≈....
#≈Sl@≈≈#≈§§≈≈≈§≈#....
≈≈##≈≈..≈##≈§§≈≈≈§≈.....
#≈§§≈§≈.##..≈≈≈###..#..8
#≈≈§§≈##........#..##8##
##≈≈###.........#.§≈###
#≈# #8....)......#≈≈# #≈
###......[..##≈≈≈# ≈
#8......†...##§§§#
###........## §#§#


You could see 2 komodo dragons and a lava snake.

Vanquished Creatures
  An orc warlord (Bailey)
  3 hydras
  A catoblepas (Lair:4)
  8 death yaks
  The ghost of cariele the Chopper, a novice TrFi of Nemelex Xobeh (D:8)
  Pikel (D:5)
  A lindwurm (Lair:3)
  An oklob plant (Lair:4)
  3 black mambas
  11 elephants
  Joseph (D:9)
  A molten gargoyle (Lair:5)
  10 cane toads
  Maggie (D:8)
  3 rime drakes
  A torpor snail (Lair:4)
  7 komodo dragons
  A polar bear (Lair:1)
  A hornet (Lair:2)
  8 blink frogs
  Grinder (D:3)
  Sigmund (D:2)
  2 wyverns
  A human (D:4)
  29 yaks
  Eustachio (D:5)
  5 basilisks
  A steam dragon (Lair:5)
  2 nagas (Lair:3)
  4 hell hounds (Lair:5)
  11 water moccasins
  Duvessa (D:4)
  5 orc warriors
  An ice beast (D:8)
  4 black bears
  5 wolves (Lair:1)
  2 ogres
  2 centaurs
  A phantom (D:6)
  11 kobold brigands (D:8)
  4 lemures (D:5)
  8 bullfrogs
  5 scorpions
  9 wights
  Dowan (D:4)
  9 killer bees
  2 howler monkeys
  2 electric eels
  3 bombardier beetles
  A jelly (D:5)
  A gnoll bouda (D:8)
  5 orc priests
  A hound (D:5)
  A sleepcap (D:6)
  6 iguanas
  Terence (D:2)
  Natasha (thrice) (D:3)
  2 orc wizards
  Robin (D:3)
  11 gnolls
  7 adders
  A river rat (D:5)
  3 shadow imps
  3 white imps
  2 dart slugs
  A ribbon worm (D:2)
  23 orcs
  4 ball pythons
  6 endoplasms
  5 giant cockroaches
  17 goblins
  24 hobgoblins
  A jackal (D:4)
  23 kobolds
  A quokka (D:1)
  4 bats
  3 frilled lizards
  A kobold zombie (D:4)
  7 rats
367 creatures vanquished.

Vanquished Creatures (collateral kills)
  2 death yaks (Lair:4)
  An elephant (Lair:4)
3 creatures vanquished.

Grand Total: 370 creatures vanquished

Notes
Turn   | Place    | Note
-------+----------+-------------------------------------------
     0 | D:1      | Gargoyl the Gargoyle Berserker began the quest for the Orb.
     0 | D:1      | Reached XP level 1. HP: 14/14 MP: 1/1
   161 | D:1      | Reached skill level 3 in Axes
   161 | D:1      | Reached XP level 2. HP: 16/19 MP: 2/2
   296 | D:1      | Found Egaumug's Antique Weapon Emporium.
   620 | D:2      | Reached XP level 3. HP: 24/24 MP: 3/3
   744 | D:2      | Noticed Terence
   768 | D:2      | Killed Terence
   769 | D:2      | Reached XP level 4. HP: 12/29 MP: 4/4
   774 | D:2      | Noticed Sigmund
   954 | D:2      | Reached ** piety under Trog
   989 | D:2      | Killed Sigmund
   990 | D:2      | Reached skill level 4 in Axes
   990 | D:2      | Reached XP level 5. HP: 6/34 MP: 5/5
   990 | D:2      | Reached XP level 6. HP: 7/39 MP: 6/6
  1747 | D:3      | Noticed Natasha
  1755 | D:3      | Killed Natasha
  1791 | D:3      | Noticed Grinder
  1795 | D:3      | Paralysed by Grinder for 3 turns
  1827 | D:3      | Paralysed by Grinder for 4 turns
  1846 | D:3      | Killed Grinder
  1847 | D:3      | Reached skill level 5 in Axes
  1847 | D:3      | Reached XP level 7. HP: 33/44 MP: 7/7
  2062 | D:3      | Noticed Natasha
  2075 | D:3      | Killed Natasha
  2199 | D:3      | Found a hazy altar of Hepliaklqana.
  2222 | D:3      | Noticed Robin
  2223 | D:3      | Found a burning altar of Makhleb.
  2235 | D:3      | Killed Robin
  2339 | D:3      | Noticed Natasha
  2346 | D:3      | Killed Natasha
  2525 | D:4      | Reached skill level 1 in Stealth
  2547 | D:4      | Found a runed translucent door.
  2547 | D:4      | Noticed a human
  2558 | D:4      | Found a basalt altar of Yredelemnul.
  2589 | D:4      | Killed a human
  2679 | D:4      | Noticed Duvessa
  2679 | D:4      | Noticed Dowan
  2692 | D:4      | Killed Duvessa
  2693 | D:4      | Reached skill level 5 in Fighting
  2696 | D:4      | Killed Dowan
  2697 | D:4      | Reached skill level 6 in Axes
  2697 | D:4      | Reached XP level 8. HP: 45/49 MP: 8/8
  2909 | D:4      | Reached skill level 5 in Armour
  3026 | D:4      | Identified the +1 hand axe "Guatec" {drain, rC++ rCorr
                  | Str-4 Stlth+}
  3038 | D:4      | Identified the beast talisman "Wenk" {rC+ rCorr Int-5}
  3403 | D:5      | Entered Level 5 of the Dungeon
  3427 | D:5      | You fall into a shaft and drop 1 floor!
  3535 | D:5      | Reached skill level 7 in Axes
  3617 | D:5      | Noticed Eustachio
  3658 | D:5      | Killed Eustachio
  3659 | D:5      | Reached XP level 9. HP: 46/56 MP: 9/9
  3880 | D:5      | Reached skill level 8 in Axes
  4188 | D:5      | Noticed Pikel
  4243 | D:5      | Paralysed by Pikel for 5 turns
  4252 | D:5      | Killed Pikel
  4960 | D:6      | Found a staircase to the Ecumenical Temple.
  5000 | D:7      | Reached skill level 1 in Throwing
  5065 | D:7      | Reached *** piety under Trog
  5344 | D:7      | Reached XP level 10. HP: 63/63 MP: 10/10
  6019 | D:7      | Reached skill level 9 in Axes
  6102 | D:8      | Noticed Maggie
  6117 | D:8      | Killed Maggie
  6675 | D:8      | Reached **** piety under Trog
  6878 | D:8      | Found a runed translucent gate.
  6878 | D:8      | Found a runed translucent gate.
  6878 | D:8      | Found a runed translucent gate.
  6878 | D:8      | Noticed cariele's ghost (novice TrFi)
  7103 | D:8      | Reached skill level 10 in Axes
  7115 | D:8      | Killed cariele's ghost
  7286 | D:9      | Found a flagged portal.
  7314 | Bailey   | Entered a bailey
  7396 | Bailey   | Noticed an orc warlord
  7436 | Bailey   | Reached XP level 11. HP: 53/69 MP: 11/11
  7572 | Bailey   | Found a runed translucent gate.
  7575 | Bailey   | Found a runed translucent gate.
  7577 | Bailey   | Found a runed translucent gate.
  7710 | Bailey   | Killed an orc warlord
  7711 | Bailey   | Reached skill level 11 in Axes
  7980 | D:9      | Found a staircase to the Lair.
  8214 | D:9      | Found a radiant altar of Vehumet.
  8223 | D:9      | Found a stormy altar of Qazlal.
  8352 | D:9      | Noticed Joseph
  8364 | D:9      | Killed Joseph
  8514 | Lair:1   | Entered Level 1 of the Lair of Beasts
  8814 | Lair:1   | Noticed a death yak
  8815 | Lair:1   | Noticed a death yak
  8816 | Lair:1   | Noticed a death yak
  8825 | Lair:1   | Killed a death yak
  8829 | Lair:1   | Killed a death yak
  8830 | Lair:1   | Reached skill level 12 in Axes
  8831 | Lair:1   | Killed a death yak
  8956 | Lair:1   | Reached XP level 12. HP: 77/77 MP: 12/12
  9781 | Lair:2   | Reached skill level 10 in Fighting
  9859 | Lair:2   | Reached skill level 10 in Armour
  9890 | Lair:2   | Reached skill level 13 in Axes
 10052 | Lair:2   | Found a staircase to the Swamp.
 10629 | Lair:3   | Noticed a five-headed hydra
 10630 | Lair:3   | Noticed a five-headed hydra
 10637 | Lair:3   | Killed a five-headed hydra
 10642 | Lair:3   | Killed a five-headed hydra
 10671 | Lair:3   | Found a staircase to the Snake Pit.
 10973 | Lair:3   | Reached skill level 1 in Polearms
 10982 | Lair:3   | Reached skill level 14 in Axes
 11163 | Lair:3   | Reached XP level 13. HP: 69/84 MP: 13/13
 11352 | Lair:3   | Reached skill level 5 in Dodging
 11847 | Lair:4   | Gained mutation: You occasionally lose the ability to read
                  | scrolls when taking damage. [potion of mutation]
 12212 | Lair:4   | Reached skill level 15 in Axes
 12677 | Lair:4   | Found a staircase to the Slime Pits.
 13489 | Lair:5   | Entered Level 5 of the Lair of Beasts
 13943 | Lair:5   | Slain by a komodo dragon

Illustrated notes

Levels and vault maps discovered:
D:1:      lightli_arrival_maybe_door_vault, layout_rooms, serial_shops,
          nicolae_shop_advertising_works [nicolae_subvault_shop_adworks],
          serial_bayou_lagoon_b
D:2:      layout_basic, minmay_tiny_reverse_x, uniq_sigmund, uniq_terence
D:3:      kennysheep_big_flooded_room, layout_basic,
          lemuel_coloured_pillars_altar, nzn_hepliaklqana_mist_gate,
          uniq_natasha, uniq_grinder, uniq_robin
D:4:      minmay_octagon_keep, layout_loops_ring, dk_yredelemnul_ordeal,
          minivault_11, bh_walls_and_bars, uniq_duvessa
D:5:      layout_basic, portal_sewer_entry_c, uniq_pikel, uniq_eustachio
D:6:      layout_rooms, minmay_temple_entry_junction
D:7:      layout_basic, kennysheep_cluttered_room
D:8:      layout_basic, gammafunk_ghost_nasty_kobolds, patterned_corridor,
          uniq_maggie
D:9:      layout_basic, nicolae_qazlal_style_of_elements, vehumet_altar_wand_db,
          lair_entry_dummy, enter_bailey_5, uniq_joseph
Lair:1:   layout_cave_pods, grunt_megastairs_1, infiniplex_staircase_pool,
          serial_bayou_shore_a
Lair:2:   layout_misc_corridors, swamp_mist, infiniplex_staircase_pool_2
Lair:3:   layout_cave_pods, guppyfry_snake_entry_garden
Lair:4:   beast_lair_carwin_large_2, layout_cave_pods, dpeg_slime_entry_corner,
          lemuel_fruit_tree
Lair:5:   cheibrodos_lair_end_hotspot, layout_cave_pods, basic_altar,
          gammafunk_lair_bear_cave

Skill      XL: |  1  2  3  4  5  6  7  8  9 10 11 12 13 |
---------------+----------------------------------------+-----
Axes           | 3 4 5 6 7 8 10 12 14 15 | 15.6
Fighting       | 4 5 6 7 8 9 11 12 | 12.3
Armour         | 3 4 6 7 8 9 10 11 | 11.6
Dodging        | 2 3 4 5 |  5.2
Stealth        | 1 2 3 |  3.4
Throwing       | 1 |  1.3
Polearms       | 2 |  2.1
Evocations     | |  0.5

Action                     |  1- 3 |  4- 6 |  7- 9 | 10-12 | 13-15 || total
---------------------------+-------+-------+-------+-------+-------++-------
  Melee: Hand axe          |   120 |    94 |   390 |    44 |       ||   648
         Punch             |     1 |       |     4 |    10 |     7 ||    22
         War axe           |       |       |       |   129 |    53 ||   182
         Broad axe         |       |       |       |   221 |   136 ||   357
         Demon trident     |       |       |       |     7 |       ||     7
  Throw: Dart              |       |       |     3 |       |     2 ||     5
 Invoke: Berserk           |     2 |     4 |    10 |    11 |     6 ||    33
         Trog's Hand       |       |     1 |     8 |     8 |     6 ||    23
         Brothers in Arms  |       |       |       |     2 |     2 ||     4
  Evoke: Wand              |       |       |     1 |       |       ||     1
    Use: Scroll            |     2 |     5 |    11 |    13 |     3 ||    34
         Potion            |       |     3 |     1 |       |     3 ||     7
   Stab: Invisible         |       |     2 |       |       |       ||     2
         Petrified         |       |       |       |       |     2 ||     2
         Petrifying        |       |       |       |       |     1 ||     1
 Armour: Animal skin       |     9 |       |       |       |       ||     9
         Ring mail         |    63 |     2 |       |       |       ||    65
         Scale mail        |       |    64 |     4 |       |       ||    68
         Chain mail        |       |       |   370 |   461 |   182 ||  1013
  Dodge: Dodged            |    83 |    43 |   217 |   302 |   107 ||   752

Table legend: (Time is in decaauts)
 A = Elapsed time spent in this place.
 B = Non-inter-level travel time spent in this place.
 C = Inter-level travel time spent in this place.
 D = Time resting spent in this place.
 E = Time spent auto-exploring this place.
 F = Levels seen in this place.
 G = Mean time per level.
                   A        B        C        D        E       F      G
               +--------+--------+--------+--------+--------+-----+--------+
         Total |  14207 |  13784 |    423 |   1396 |   9299 |  15 |  947.1 |
       Dungeon |   8132 |   7839 |    293 |    426 |   5354 |   9 |  903.6 |
          Lair |   5486 |   5356 |    130 |    893 |   3612 |   5 | 1097.2 |
        Bailey |    588 |    588 |      0 |     77 |    333 |   1 |  588.0 |
               +--------+--------+--------+--------+--------+-----+--------+

Top non-repeatable levels by time:
  Lair:4: 1638 daAuts
  Lair:3: 1295 daAuts
  Lair:1: 1287 daAuts
     D:8: 1163 daAuts
     D:7: 1108 daAuts
     D:5: 1089 daAuts
     D:2: 993 daAuts
     D:4: 980 daAuts
     D:3: 948 daAuts
  Lair:2: 820 daAuts
     D:9: 717 daAuts
     D:1: 607 daAuts
  Bailey: 588 daAuts
     D:6: 523 daAuts
  Lair:5: 445 daAuts
